 Dungeon Crawl Stone Soup version 0.22-a0-480-g991dd4b (webtiles) character file.

312 Laiders72 the Skirmisher (level 6, -5/51 HPs)
             Began as a Formicid Fighter on June 15, 2018.
             Slain by an ogre
             ... wielding a +0 giant club
              (17 damage)
             ... on level 4 of the Dungeon.
             The game lasted 00:05:32 (2540 turns).

Laiders72 the Skirmisher (Formicid Fighter)         Turns: 2540, Time: 00:05:33

Health: -5/51      AC:  9    Str: 26    XL:     6   Next: 71%
Magic:  6/6        EV:  3    Int:  8    God:
Gold:   194        SH: 11    Dex: 11    Spells: 5/5 levels left

rFire    . . .     SeeInvis +   a - +0 flail
rCold    . . .     Gourm    .   c - +1 shield
rNeg     . . .     Faith    .   k - +0 chain mail
rPois    .         Spirit   .   (helmet unavailable)
rElec    .         Reflect  .   (no cloak)
rCorr    .         Harm     .   (no gloves)
MR       .....                  (no boots)
Stlth    ..........             (no amulet)
HPRegen  0.17/turn              h - ring of teleportation (curse)
MPRegen  0.10/turn              o - -4 ring of evasion (curse)

@: mighty
A: permanent stasis, dig shafts and tunnels, four strong arms, antennae 3
a: Dig, Shaft Self


You were on level 4 of the Dungeon.
You were not hungry.

You visited 1 branch of the dungeon, and saw 4 of its levels.

You collected 194 gold pieces.

Inventory:

Hand Weapons
 a - a +0 flail (weapon)
 i - a +0 mace of holy wrath
Missiles
 e - 2 tomahawks (quivered)
Armour
 c - a +1 shield (worn)
 k - a +0 chain mail (worn)
Jewellery
 h - a cursed ring of teleportation (left hand)
 o - a cursed -4 ring of evasion (right hand)
Wands
 j - a wand of polymorph (13)
 n - a wand of paralysis (15)
Scrolls
 g - a scroll of enchant armour
Potions
 b - a potion of lignification {unknown}
 l - a potion of curing
 m - a potion of degeneration {unknown}
Comestibles
 f - 4 rations


   Skills:
 * Level 5.1 Fighting
 * Level 4.1 Maces & Flails
 + Level 4.3 Armour
 + Level 4.7 Shields


You had 5 spell levels left.
You didn't know any spells.
Your spell library was empty.

Dungeon Overview and Level Annotations

Branches:
Dungeon (4/15)
 Temple: D:4-7

Altars:


Innate Abilities, Weirdness & Mutations

You cannot be hasted, slowed, berserked, paralysed or teleported.
You can dig through walls and to a lower floor.
Your four strong arms can wield two-handed weapons with a shield.
You have a pair of large antennae on your head. (SInv)


Message History

Your Maces & Flails skill increases to level 4!
Your Armour skill increases to level 4!
You have reached level 6!
Your experience leads to an increase in your attributes!
Your base attributes are Str 21, Int 8, Dex 10.
Increase (S)trength, (I)ntelligence, or (D)exterity?
You feel agile.
You start resting.
An ogre comes into view. It is wielding a giant club.
You sock the ogre!
The ogre is moderately wounded.
The ogre hits you with a giant club.
You barely miss the ogre.
The ogre is moderately wounded.
The ogre hits you with a giant club!!
* * * LOW HITPOINT WARNING * * *
You barely miss the ogre.
The ogre is moderately wounded.
The ogre hits you with a giant club!
You die...

#################.
#.........<.......
........##########
#.#####.# #.# #.#
#.# #.# #@# #O#
#l# ... ...##
..### .(. #... ...


You could see an ogre and a frilled lizard.

Vanquished Creatures
  The ghost of Scuka the Archer, an amateur CeHu (D:4)
  Ijyb (D:3)
  3 adders
  A dart slug (D:2)
  2 leopard geckos
  2 orcs (D:3)
  A ball python (D:3)
  7 bats
  A giant cockroach (D:1)
  4 goblins
  7 hobgoblins
  2 quokkas
  6 kobolds
  5 rats
43 creatures vanquished.

Notes
Turn   | Place    | Note
-------+----------+-------------------------------------------
     0 | D:1      | Laiders72 the Formicid Fighter began the quest for the Orb.
     0 | D:1      | Reached XP level 1. HP: 18/18 MP: 1/1
   160 | D:1      | Reached XP level 2. HP: 24/24 MP: 2/2
   639 | D:2      | Reached XP level 3. HP: 28/30 MP: 3/3
  1882 | D:3      | Reached skill level 4 in Fighting
  1882 | D:3      | Reached XP level 4. HP: 23/37 MP: 4/4
  2164 | D:3      | Noticed Ijyb
  2190 | D:3      | Killed Ijyb
  2316 | D:3      | Reached XP level 5. HP: 42/42 MP: 5/5
  2499 | D:4      | Noticed Scuka's ghost (amateur CeHu)
  2517 | D:4      | Killed Scuka's ghost
  2517 | D:4      | Reached skill level 5 in Fighting
  2517 | D:4      | Reached XP level 6. HP: 29/51 MP: 6/6
  2531 | D:4      | Noticed an ogre
  2540 | D:4      | Slain by an ogre

Vault maps used:
D:1:      grunt_arrival_crossed_arrows, eino_curves_01
D:2:      cheibrodos_old_hovel
D:3:      first_ration, kennysheep_path_1, kennysheep_crisscross, uniq_ijyb
D:4:      serial_shops, nicolae_shop_crystal

Skill      XL: |  1  2  3  4  5 |
---------------+----------------+-----
Shields        | 4 |  4.7
Fighting       | 4 5 |  5.1
Maces & Flails | 3 4 |  4.1
Armour         | 4 |  4.3

Action                   |  1- 3 |  4- 6 || total
-------------------------+-------+-------++-------
Melee: Flail             |   110 |    72 ||   182
  Use: Scroll            |     4 |       ||     4
       Potion            |       |     2 ||     2
  Eat: Chunk             |     3 |     2 ||     5
Armor: Scale mail        |    67 |    29 ||    96
       Skin              |       |     7 ||     7
       Chain mail        |       |    10 ||    10
Dodge: Dodged            |    52 |     5 ||    57
Block: Shield            |    64 |    36 ||   100

Table legend:
 A = Spawn XP
 B = Non-spawn XP
 C = Spawn XP percentage of total XP
 D = Spawn monster count
 E = Non-spawn monster count
 F = Spawn count percentage of total count
 G = Total turns spent on level
                    A         B        C        D         E        F      G
               +---------+---------+-------+---------+---------+-------+---------
         Total |       0 |     447 |   0.0 |       0 |      43 |   0.0 |  2540
               +---------+---------+-------+---------+---------+-------+---------
           D:1 |       0 |      24 |   0.0 |       0 |      14 |   0.0 |   617
           D:2 |       0 |      38 |   0.0 |       0 |      13 |   0.0 |  1054
           D:3 |       0 |      86 |   0.0 |       0 |      15 |   0.0 |   817
           D:4 |       0 |     299 |   0.0 |       0 |       1 |   0.0 |    52
               +---------+---------+-------+---------+---------+-------+---------
